Map: Newkirk Precinct TE (Void)

Players

lockdown

  • Race: Zerg Zerg
  • League: Diamond
  • Spawn Location: 7:00

Musumeci - Winner!

  • Race: Zerg Zerg
  • League: Diamond
  • Spawn Location: 5:00

VOD

Have the link to the VOD?

Description

Time

  • Played on: March 11, 2017, 5:30 a.m.
  • Length: 13:26
Show
View Real Time Build Order
Export as new Build Order

lockdown Zerg 

Build Orders: Hatch First, Zergling Baneling 

Get SALT Encoding   

  12  0:01  Drone  
  13  0:15  Overlord  
  13  0:18  Drone  
  14  0:34  Drone x2  
  16  0:38  Drone  
  17  0:55  Hatchery  
  16  0:58  Drone  
  16  1:00  Drone  
  16  1:03  Extractor  
  17  1:18  Spawning Pool  
  16  1:30  Drone x2  
  16  1:32  Drone  
  19  1:42  Overlord  
  19  2:04  Metabolic Boost  
  19  2:06  Queen  
  19  2:07  Queen  
  23  2:10  Zergling x2  
  23  2:12  Zergling x2  
  25  2:16  Drone  
  25  2:21  Drone  
  27  2:23  Drone  
  27  2:27  Drone  
  29  2:35  Drone  
  30  2:48  Baneling Nest  
  29  2:55  Hatchery  
  28  2:59  Drone  
  29  3:10  Drone, Overlord  
  29  3:12  Zergling x4  
  32  3:17  Zergling x4  
  34  3:25  Zergling x4  
  36  3:36  Baneling x2  
  36  3:38  Zergling x4  
  36  3:39  Zergling x4  
  36  3:40  Baneling  
  40  3:46  Spine Crawler  
  39  3:49  Zergling x4  
  42  3:56  Hatchery  
  42  3:59  Zergling x4  
  42  4:02  Overlord  
  43  4:06  Drone  
  44  4:10  Baneling  
  44  4:12  Baneling  
  44  4:13  Overlord  
  36  4:40  Roach Warren  
  36  4:45  Drone x3  
  37  4:46  Drone x4  
  37  4:49  Zergling x4  
  37  4:50  Zergling x2  
  37  4:51  Baneling x2  
  37  4:52  Baneling  
  40  5:25  Roach x3  
  40  5:26  Roach x6  
  58  5:33  Zergling x4  
  58  5:34  Zergling x6  
  57  5:38  Drone x2  
  58  6:03  Roach  
  60  6:06  Hatchery, Drone  
  60  6:07  Overlord  
  60  6:16  Lair  
  60  6:18  Extractor  
  60  6:19  Drone x2, Extractor  
  60  6:29  Drone x3  
  60  6:30  Drone x5  
  68  6:37  Overlord  
  68  6:45  Overlord  
  68  7:02  Overlord  
  68  7:11  Spore Crawler  
  68  7:13  Roach x5, Spore Crawler  
  68  7:14  Roach, Spore Crawler x2  
  68  7:15  Glial Reconstitution  
  76  7:24  Queen  
  76  7:28  Overseer  
  78  7:36  Drone x5  
  78  7:37  Drone x2  
  81  7:38  Ravager x2  
  82  7:47  Hydralisk Den, Drone x4  
  82  7:49  Extractor  
  84  8:04  Drone x5  
  89  8:16  Overlord x2  
  89  8:17  Overlord x2  
  89  8:25  Muscular Augments  
  84  8:38  Spore Crawler  
  83  8:41  Spore Crawler  
  83  8:43  Drone x5  
  83  8:44  Drone, Hydralisk x3  
  83  8:46  Hydralisk  
  96  8:55  Hydralisk x2  
  100  9:04  Hydralisk x3  
  106  9:11  Hydralisk x2  
  108  9:19  Overlord  
  108  9:20  Overlord  
  93  9:37  Queen  
  93  9:38  Hydralisk x2  
  93  9:39  Hydralisk x3  
  103  9:48  Overlord x2  
  101  10:01  Spore Crawler  
  96  10:11  Hydralisk x5  
  96  10:12  Hydralisk  
  80  10:23  Roach x3  
  80  10:27  Drone x3  
  89  10:35  Zergling x4  
  89  10:36  Zergling x6  
  92  10:47  Hydralisk x2  
  92  10:48  Roach  
  85  11:06  Roach x4  
  93  11:13  Roach  
  93  11:14  Roach  
  97  11:21  Queen  
  99  11:26  Zergling x4  
  99  11:32  Overlord  
  101  11:36  Hydralisk  
  103  11:44  Zergling x4  
  105  11:50  Drone  
  105  11:52  Overlord  
  106  11:58  Hydralisk  
  106  11:59  Zergling x2  
  105  12:08  Zergling x2  
  105  12:09  Zergling x6  
  109  12:17  Drone x3  
  112  12:26  Roach x2  
  113  12:37  Roach  
  113  12:38  Roach x2  
  113  12:41  Overlord  
  119  12:49  Ravager x3  
  122  12:52  Overlord  
Show
View Real Time Build Order
Export as new Build Order

Musumeci Zerg - Winner!

Build Orders: Hatch First 

Get SALT Encoding   

  12  0:01  Drone  
  13  0:08  Drone  
  14  0:14  Extractor  
  14  0:15  Drone  
  15  0:40  Hatchery  
  14  0:45  Extractor  
  14  0:46  Drone  
  15  1:03  Spawning Pool  
  14  1:05  Extractor  
  14  1:09  Drone  
  14  1:21  Overlord  
  14  1:33  Extractor  
  14  1:35  Drone  
  14  1:39  Drone x2  
  17  1:46  Drone  
  18  1:50  Queen  
  20  2:05  Metabolic Boost  
  20  2:10  Queen  
  20  2:15  Drone  
  23  2:23  Drone x2  
  23  2:25  Drone  
  23  2:29  Drone  
  27  2:32  Zergling x2  
  28  2:40  Overlord  
  28  2:47  Baneling Nest  
  27  3:07  Zergling x2  
  27  3:08  Zergling x14  
  35  3:27  Zergling x2  
  36  3:34  Overlord  
  36  3:44  Hatchery  
  36  3:47  Drone  
  36  3:48  Overlord  
  36  3:53  Drone x4  
  37  4:03  Zergling x6  
  40  4:11  Zergling x4  
  40  4:13  Baneling x2  
  40  4:15  Baneling x3  
  41  4:57  Drone x9  
  48  5:16  Baneling x2  
  48  5:18  Zergling x8  
  50  5:41  Extractor x2  
  50  5:42  Lair  
  48  5:43  Extractor  
  46  5:56  Drone x3  
  50  5:57  Drone x3  
  50  6:03  Queen  
  54  6:06  Zergling x6  
  57  6:26  Spine Crawler  
  57  6:27  Spine Crawler  
  57  6:28  Spine Crawler  
  57  6:29  Spine Crawler  
  57  6:30  Spine Crawler  
  57  6:32  Spine Crawler  
  51  6:36  Overlord x3  
  51  6:41  Drone  
  51  6:42  Drone x5  
  51  6:43  Drone  
  58  7:03  Drone x7, Spire  
  58  7:48  Overlord x2  
  58  8:16  Mutalisk x13  
  58  8:17  Mutalisk x2  
  81  8:38  Mutalisk x2  
  85  8:54  Drone x5  
  90  8:56  Overlord x4  
  88  9:24  Drone x8  
  86  9:35  Mutalisk x6  
  92  9:51  Zergling x18  
  101  10:18  Zergling x2  
  101  10:19  Zergling x10  
  107  10:27  Drone, Extractor  
  107  10:28  Drone x2, Extractor  
  88  11:02  Zergling x4  
  88  11:03  Zergling x28  
  99  11:17  Drone x4  
  99  11:27  Baneling  
  99  11:28  Baneling x11  
  99  11:30  Baneling x2  
  99  11:31  Centrifical Hooks, Baneling x8  
  99  11:37  Mutalisk x7  
  99  11:39  Extractor  
  112  11:40  Hatchery, Baneling x3  
  112  11:41  Zergling x6  
  112  11:44  Extractor  
  107  12:11  Zergling x12  
  107  12:12  Overlord  
  107  12:13  Overlord x4  
  109  12:39  Zergling x12  
  109  12:40  Zergling x12  
  121  12:59  Hatchery  
  121  13:01  Baneling x9  
Tags
 
Add a new tag
Caveats
  • Supply blocks, unpowered buildings, or Contaminate may cause inaccurate times.
  • Supply counts are checked every 10 seconds.